 Dungeon Crawl Stone Soup version 0.29.1-15-g9cfb28693d (webtiles) character file.

Game seed: 1101513483677277523

6288 Brecoman the Conjurer (level 10, -4/86 HPs)
             Began as a Black Draconian Conjurer on Mar 4, 2023.
             Was an Initiate of Gozag.
             Slain by a slime creature (11 damage)
             ... on level 8 of the Dungeon on Mar 18, 2023.
             The game lasted 00:46:45 (13364 turns).

Brecoman the Conjurer (Black Draconian Conjurer)   Turns: 13364, Time: 00:46:45

Health: -4/86      AC:  8    Str: 16    XL:     10   Next: 63%
Magic:  15/19      EV: 13    Int: 22    God:    Gozag
Gold:   529        SH:  0    Dex: 10    Spells: 7/21 levels left

rFire   . . .      SeeInvis .   q - +2 dagger (elec)
rCold   . . .      Faith    .   (no shield)
rNeg    . . .      Spirit   .   (body armour unavailable)
rPois   .          Reflect  .   (helmet restricted)
rElec   +          Harm     .   (no cloak)
rCorr   .          Rampage  .   (no gloves)
Will    .....                   g - +0 pair of boots
Stlth   ++........              (no amulet)
HPRegen 0.24/turn               s - +6 ring of strength
MPRegen 0.16/turn               (no ring)

@: no status effects
A: breathe lightning, AC +7, unfitting armour, electricity resistance,
cold-blooded
a: Breathe Lightning, Renounce Religion, Potion Petition, Call Merchant, Bribe
Branch


You were on level 8 of the Dungeon.
You worshipped Gozag.
Gozag was pleased with you.
You visited 2 branches of the dungeon, and saw 9 of its levels.
You also visited: Sewer and Bailey.

You collected 725 gold pieces.
You paid 196 gold pieces to Gozag.

Inventory:

Hand Weapons
 i - a +2 lajatang of pain
 q - a +2 dagger of electrocution (weapon)
Armour
 g - a +0 pair of boots (worn)
Magical Staves
 c - a staff of death
Jewellery
 s - a +6 ring of strength (left hand)
Wands
 f - a wand of acid (6)
 o - a wand of mindburst (13)
 x - a wand of iceblast (13)
 G - a wand of flame (26)
Scrolls
 j - 4 scrolls of teleportation
 k - 3 scrolls of amnesia
 m - 2 scrolls of poison
 n - a scroll of vulnerability
 p - a scroll of noise
 v - 3 scrolls of fog
 w - 4 scrolls of identify
 y - a scroll of enchant weapon
 z - a scroll of immolation
 A - a scroll of acquirement
 C - a scroll of magic mapping
 E - a scroll of fear
 F - a scroll of torment
Potions
 a - a potion of magic
 b - a potion of invisibility
 d - 2 potions of flight
 e - 10 potions of curing
 h - a potion of attraction {unknown}
 l - 4 potions of heal wounds
 r - 2 potions of cancellation
 t - a potion of mutation {unknown}
 u - 3 potions of might
 B - a potion of brilliance {unknown}
 D - a potion of degeneration {unknown}


   Skills:
 + Level 7.0 Fighting
 + Level 5.7 Staves
 + Level 6.3 Dodging
 - Level 2.0 Stealth
 + Level 6.3 Spellcasting
 - Level 7.5 Conjurations
 + Level 5.6 Necromancy
 - Level 2.0 Transmutations
 + Level 4.2 Air Magic
 - Level 2.0 Poison Magic


You had 7 spell levels left.
You knew the following spells:

 Your Spells              Type           Power      Damage    Failure   Level
a - Magic Dart            Conj           100%       1d8       1%          1
b - Searing Ray           Conj           78%        2d7       1%          2
c - Mephitic Cloud        Conj/Pois/Air  27%        N/A       4%          3
d - Vampiric Draining     Necr           31%        2d8       2%          3
e - Passwall              Tmut/Erth      9%         N/A       9%          2
f - Ignite Poison         Fire/Tmut/Pois 12%        N/A       16%         3

Your spell library contained the following spells:

 Spells                   Type           Power      Damage    Failure   Level
 Necrotise                Necr           100%       1d9       1%          1
 Sting                    Tmut/Pois      60%        1d6       3%          1
 Poisonous Vapours        Pois/Air       40%        N/A       3%          2
 Dazzling Flash           Conj/Hex       46%        N/A       5%          3
 Stone Arrow              Conj/Erth      46%        3d9       5%          3
 Sandblast                Erth           12%        2d6       9%          1
 Dispel Undead            Necr           31%        3d14      9%          4
 Scorch                   Fire           12%        2d6       13%         2
 Airstrike                Air            12%        2d(2-18)  16%         4
 Flame Wave               Conj/Fire      23%        2d8       19%         4
 Fulminant Prism          Conj/Hex       11%        3d9       19%         4
 Iskenderun's Mystic Bla  Conj/Tloc      23%        2d6       19%         4
 Lightning Bolt           Conj/Air       16%        1d30      22%         5
 Agony                    Necr           31%        N/A       24%         5
 Olgreb's Toxic Radiance  Pois           15%        N/A       36%         4
 Summon Lightning Spire   Summ/Air       16%        N/A       36%         4
 Freezing Cloud           Conj/Ice/Air   12%        6-21      45%         5
 Death Channel            Necr           15%        N/A       80%         6
 Summon Cactus Giant      Summ           3%         N/A       100%        6
 Corpse Rot               Necr/Pois/Air  Unusable   N/A       N/A         4

Dungeon Overview and Level Annotations

Branches:
Dungeon (8/15)             Temple (1/1) D:7            Lair (0/5) D:8
  Sewer (visited)          Bailey (visited)

Altars:
Ashenzari
Cheibriados
Dithmenos
Elyvilon
Fedhas
Gozag
Hepliaklqana
Kikubaaqudgha
Makhleb
Nemelex Xobeh
Okawaru
Qazlal
Ru
Sif Muna
Trog
Uskayaw
Vehumet
Xom
Yredelemnul
Zin
The Shining One

Shops:
D:4 :

Annotations:
D:7 3 runed translucent doors, vampirul's ghost, novice MiBe


Innate Abilities, Weirdness & Mutations

You can breathe wild blasts of lightning.
Your glossy black scales are hard. (AC +7)
You cannot fit into any form of body armour.
You are resistant to electric shocks. (rElec)
You are cold-blooded and may be slowed by cold attacks.


Message History

The slime creature hits you but does no damage.
The slime creature attacks as you move away!
The slime creature misses you.
Casting: Magic Dart (safe; 1% risk of failure)
Confirm with . or Enter, or press ? or * to list all spells.
Aiming: Searing Ray (safe; 1% risk of failure)
Press: ? - help, Shift-Dir - straight line, f - yak
Aim: a yak (88% to hit)
The searing ray misses the slime creature.
The searing ray hits the yak.
The yak is lightly wounded. (Press . to maintain the ray.)
The slime creature hits you!
The searing ray hits the slime creature!
The slime creature is severely wounded.
The searing ray hits the yak.
The yak is lightly wounded.
The slime creature hits you but does no damage.
The searing ray hits the slime creature!
The slime creature is severely wounded.
The searing ray hits the yak.
The yak is moderately wounded.
The searing ray hits the basilisk.
The basilisk is lightly wounded.
The slime creature hits you.
* * * LOW HITPOINT WARNING * * *
The searing ray hits the slime creature.
The slime creature is almost dead.
The searing ray hits the yak!
The yak is heavily wounded.
You finish channelling your searing ray.
The slime creature hits you!
* * * LOW HITPOINT WARNING * * *
The slime creature attacks as you move away!
The slime creature hits you.
* * * LOW HITPOINT WARNING * * *
The slime creature attacks as you move away!
The slime creature hits you!
You die...
Your body crumbles into a pile of gold.

#.# ###.≈≈≈#≈≈≈≈#≈.# #.)..# $ #.#
#...≈#≈≈≈≈#≈≈≈.# ##.#.##
#.####...≈≈≈≈#≈≈≈≈..####..#.#
....##..≈≈≈#≈≈≈≈#≈.##.l.l##J#
....##..≈#≈≈≈≈#≈≈≈.##Y#####.Y...Y
[..)(...≈≈≈≈#≈≈≈≈..##.# ###...h
<...#......≈≈≈≈#≈.###.# ...Y
...[##........≈≈≈.Y.l.# J..
...)#########...@J##### ... ...<#
####### .. ....# #. ....# ....#
#####


You could see a slime creature, a yak and a basilisk.

Vanquished Creatures
  3 two-headed ogres
  An elephant (D:8)
  3 spriggans (Bailey)
  A wyvern (D:8)
  Menkaure (D:6)
  An acid dragon (Bailey)
  A water moccasin (D:8)
  An orc warrior (D:6)
  A sky beast (D:6)
  2 black bears (D:6)
  3 ice beasts
  7 ogres
  3 centaurs
  2 phantoms
  A gnoll sergeant (D:6)
  3 scorpions
  3 wights (D:7)
  6 killer bees (D:7)
  3 howler monkeys (D:7)
  An orc priest (D:7)
  3 hounds
  2 jellies
  Jessica (D:2)
  A hell rat (Sewer)
  5 iguanas
  6 orc wizards
  11 gnolls
  12 adders
  2 river rats (Sewer)
  4 shadow imps
  3 white imps
  2 ufetubi (D:6)
  A worm (D:2)
  2 dart slugs (D:1)
  29 orcs
  5 bats (D:2)
  8 endoplasms
  7 giant cockroaches
  9 goblins
  6 hobgoblins
  6 kobolds
  8 quokkas
  5 ball pythons
  2 frilled lizards
  11 rats
198 creatures vanquished.

Vanquished Creatures (others)
  3 plants (D:7)
3 creatures vanquished.

Grand Total: 201 creatures vanquished

Notes
Turn   | Place    | Note
-------+----------+-------------------------------------------
     0 | D:1      | Brecoman the Draconian Conjurer began the quest for the
                  | Orb.
     0 | D:1      | Reached XP level 1. HP: 14/14 MP: 3/3
   247 | D:1      | Reached XP level 2. HP: 8/20 MP: 0/5
   957 | D:1      | Learned a level 2 spell: Searing Ray
  1630 | D:2      | Reached XP level 3. HP: 21/27 MP: 0/6
  1803 | D:2      | Reached skill level 1 in Fighting
  2360 | D:2      | Reached XP level 4. HP: 35/35 MP: 4/7
  2521 | D:2      | Noticed Jessica
  2526 | D:2      | Killed Jessica
  2956 | D:3      | Found a faded altar of an unknown god.
  3154 | D:3      | Noticed a gnoll sergeant
  3206 | D:3      | Reached XP level 5. HP: 41/41 MP: 3/9
  3522 | D:3      | Learned a level 3 spell: Mephitic Cloud
  3862 | D:3      | Reached XP level 6. HP: 46/50 MP: 7/10
  3973 | D:4      | Identified a scroll of acquirement
  4020 | D:4      | Found Ahupran's Book Emporium.
  4279 | D:4      | Reached skill level 5 in Conjurations
  4540 | D:4      | Acquired a +1 lajatang of pain
  4546 | D:4      | Learned a level 3 spell: Vampiric Draining
  4547 | D:5      | Entered Level 5 of the Dungeon
  4654 | D:5      | Found a glowing drain.
  4671 | Sewer    | Entered a sewer
  4756 | Sewer    | Reached skill level 1 in Poison Magic
  5098 | D:5      | Noticed an ice beast
  5106 | D:5      | Killed an ice beast
  5107 | D:5      | Reached skill level 1 in Staves
  5107 | D:5      | Reached skill level 1 in Air Magic
  5444 | D:5      | Reached skill level 1 in Necromancy
  5444 | D:5      | Your scales start taking on a glossy black colour.
  5444 | D:5      | Reached XP level 7. HP: 55/57 MP: 0/12
  5444 | D:5      | Gained mutation: You are resistant to electric shocks.
                  | (rElec) [Black Draconian growth]
  6986 | D:6      | Noticed Menkaure
  6993 | D:6      | Killed Menkaure
  6998 | D:6      | Reached XP level 8. HP: 45/66 MP: 7/14
  8209 | D:6      | Reached skill level 5 in Fighting
  8440 | D:6      | Reached XP level 9. HP: 59/74 MP: 5/16
  8566 | D:6      | Learned a level 2 spell: Passwall
  8570 | D:6      | Learned a level 3 spell: Ignite Poison
  8771 | D:7      | Reached skill level 5 in Spellcasting
  8843 | D:7      | Found a flagged portal.
  8856 | Bailey   | Entered a bailey
  8892 | Bailey   | Reached skill level 5 in Dodging
  8916 | Bailey   | Reached skill level 1 in Transmutations
  9391 | Bailey   | Noticed a two-headed ogre
  9810 | Bailey   | Killed a two-headed ogre
 10763 | D:7      | Found a staircase to the Ecumenical Temple.
 10803 | D:7      | Reached XP level 10. HP: 82/83 MP: 13/18
 10825 | Temple   | Entered the Ecumenical Temple
 11200 | Temple   | Became a worshipper of Gozag Ym Sagoz the Greedy
 11412 | D:7      | Found a runed translucent gate.
 11412 | D:7      | Found a runed translucent gate.
 11412 | D:7      | Found a runed translucent gate.
 11413 | D:7      | Found an opulent altar of Gozag.
 11413 | D:7      | Noticed vampirul's ghost (novice MiBe)
 11413 | D:7      | Noticed a manticore
 11415 | D:7      | Noticed a wizard
 11560 | D:8      | Noticed a two-headed ogre
 11572 | D:8      | Killed a two-headed ogre
 11573 | D:8      | Reached skill level 5 in Staves
 11573 | D:8      | Reached skill level 5 in Necromancy
 12877 | D:8      | Found a staircase to the Lair.
 12877 | D:8      | Noticed an elephant
 12877 | D:8      | Noticed a two-headed ogre
 13163 | D:8      | Killed a two-headed ogre
 13294 | D:8      | Killed an elephant
 13364 | D:8      | Slain by a slime creature

Illustrated notes

Levels and vault maps discovered:
D:1:      lemuel_arrival_hallway, layout_basic,
          nicolae_concentric_dashed_squares_mild
D:2:      layout_basic, uniq_jessica
D:3:      layout_loops_ring, nicolae_ecumenical_oubliette
D:4:      layout_loops_cross, serial_shops, shop
D:5:      layout_basic, gup_sewer_entry_pipe
D:6:      minmay_octagon_keep, layout_loops_ring, kennysheep_windowed_goal,
          uniq_menkaure
D:7:      layout_rooms, minmay_temple_entry_stoned_glass,
          lightli_bailey_entry_fortress, ebering_ghost_gozag,
          chequers_arboretum, serial_bayou_lake_a
D:8:      layout_rooms, david_lair_generic, serial_shops, shop,
          nicolae_lava_and_water
Temple:   mainiacjoe_temple_trianglar_array

Skill      XL: |  1  2  3  4  5  6  7  8  9 10 |
---------------+-------------------------------+-----
Stealth        | 2 |  2.0
Dodging        | 2 3 4 5 6 |  6.3
Fighting       | 1 2 3 4 5 6 7 |  7.0
Spellcasting   | 3 4 5 6 |  6.3
Conjurations   | 5 6 7 |  7.5
Poison Magic   | 1 2 |  2.0
Staves         | 1 2 3 4 5 |  5.7
Air Magic      | 1 4 |  4.2
Necromancy     | 1 2 3 4 5 |  5.6
Transmutations | 2 |  2.0

Action                   |  1- 3 |  4- 6 |  7- 9 | 10-12 || total
-------------------------+-------+-------+-------+-------++-------
Melee: Unarmed           |    20 |     7 |       |       ||    27
       Tailslap          |     4 |     3 |    10 |    11 ||    28
       Dagger            |       |    40 |   106 |    73 ||   219
       Lajatang          |       |    22 |       |       ||    22
       Punch             |       |     1 |       |     2 ||     3
 Cast: Magic Dart        |    70 |   109 |   138 |    61 ||   378
       Searing Ray       |     3 |     7 |    22 |     4 ||    36
       Mephitic Cloud    |       |       |     5 |     4 ||     9
       Ignite Poison     |       |       |     1 |     1 ||     2
 Abil: Breathe Lightning |       |       |     1 |     3 ||     4
  Use: Scroll            |       |     8 |    13 |       ||    21
       Potion            |       |       |     2 |       ||     2
Armor: Skin              |     2 |    27 |    47 |    32 ||   108
Dodge: Dodged            |    21 |    42 |   136 |    99 ||   298
